 Dungeon Crawl Stone Soup version 0.21.1-1-g345015f (webtiles) character file.

13890 diana the Carver (level 11, -4/105 HPs)
             Began as a Yellow Draconian Fighter on July 5, 2018.
             Was the Champion of Okawaru.
             Slain by a manticore (21 damage)
             ... on level 11 of the Dungeon.
             The game lasted 00:31:06 (11625 turns).

diana the Carver (Yellow Draconian Fighter)        Turns: 11625, Time: 00:31:08

Health: -4/105     AC:  8    Str: 23    XL:     11   Next: 81%
Magic:  9/9        EV: 11    Int: 10    God:    Okawaru [******]
Gold:   846        SH: 12    Dex: 11    Spells: 10/10 levels left

rFire    . . .     SeeInvis .   F - +4 falchion
rCold    + . .     Gourm    .   b - +0 shield
rNeg     . . .     Faith    .   (armour unavailable)
rPois    .         Spirit   .   (helmet restricted)
rElec    .         Reflect  +   e - +0 cloak
rCorr    +         Harm     .   (no gloves)
MR       +....                  (no boots)
Stlth    +.........             r - +3 amulet of reflection
HPRegen  0.27/turn              l - +3 ring of strength
MPRegen  0.11/turn              n - ring of protection from cold

@: short of breath, barbed spikes, flying, starving
A: spit acid, acid resistance, unfitting armour, big wings, talons 1, low mp 1,
magic resistance 1, cold-blooded, AC +7
a: Breathe Acid, Stop Flying, Heroism, Finesse, Renounce Religion


You were on level 11 of the Dungeon.
You worshipped Okawaru.
Okawaru was exalted by your worship.
You were starving.

You visited 1 branch of the dungeon, and saw 11 of its levels.
You also visited: Ossuary.

You collected 846 gold pieces.

Inventory:

Hand Weapons
 F - a +4 falchion (weapon)
 K - a +1 falchion of flaming
Armour
 b - a +0 shield (worn)
 e - a +0 cloak (worn)
Jewellery
 l - a +3 ring of strength (left hand)
 n - a ring of protection from cold (right hand)
 p - an uncursed amulet of regeneration
 r - a +3 amulet of reflection (around neck)
Wands
 w - a wand of iceblast (2)
 C - a wand of digging (9)
 D - a wand of acid (7)
 J - a wand of paralysis (10)
Scrolls
 g - 5 scrolls of remove curse
 h - 3 scrolls of amnesia {unknown}
 i - a scroll of random uselessness {unknown}
 k - a scroll of blinking {unknown}
 m - 2 scrolls of enchant armour {unknown}
 s - 2 scrolls of immolation
 t - a scroll of fear
 v - 5 scrolls of teleportation {unknown}
 y - 2 scrolls of fog {unknown}
 E - 4 scrolls of identify
 G - a scroll of brand weapon {unknown}
 H - a scroll of noise {unknown}
 I - 2 scrolls of enchant weapon {unknown}
 L - a scroll of summoning {unknown}
Potions
 a - a potion of degeneration {unknown}
 c - 3 potions of might
 f - a potion of flight
 j - 5 potions of agility {unknown}
 o - a potion of haste
 q - 2 potions of lignification
 u - 2 potions of heal wounds {unknown}
 x - 2 potions of berserk rage {unknown}
 z - 2 potions of resistance
 A - 5 potions of curing {unknown}
 B - 2 potions of brilliance {unknown}
Comestibles
 d - 23 rations


   Skills:
 + Level 12.3 Fighting
 - Level 14.7 Long Blades
 + Level 3.4 Dodging
 + Level 3.8 Shields


You had 10 spell levels left.
You didn't know any spells.

Dungeon Overview and Level Annotations

Branches:
Dungeon (11/15)            Temple (0/1) D:4            Lair (0/6) D:10
    Orc (0/2) D:10

Altars:
Elyvilon
Fedhas
Gozag
Hepliaklqana
Okawaru
Trog
Uskayaw
Vehumet
Xom
The Shining One
Beogh

Shops:
D:6 ?   D:8 }   D:9 *=?

Annotations:
D:4 2 transporters
D:8 exclusion: statue


Innate Abilities, Weirdness & Mutations

You can spit globs of acid.
You are resistant to acid.
Your golden yellow scales are hard. (AC +7)
You cannot fit into any form of body armour.
You are cold-blooded and may be slowed by cold attacks.
Your large and strong wings let you fly indefinitely.
You have sharp toenails.
Your magical capacity is low. (-10% MP)
You are resistant to hostile enchantments. (MR+)


Message History

You slash the manticore! Your kick misses the manticore.
The manticore is heavily wounded.
The manticore barely misses you. The manticore claws you. x2
You slash the manticore! Your kick misses the manticore.
The manticore is severely wounded.
The manticore bites you!!
* * * LOW HITPOINT WARNING * * *
You block the manticore's attack. The manticore claws you.
* * * LOW HITPOINT WARNING * * *
Unknown command.
Okay, then.
Press: ? - help, Shift-Dir - straight line, f - manticore
Aim: a manticore (severely wounded)
You spit a glob of acid.
The glob of acid hits the manticore.
The manticore is splashed with acid.
The acid corrodes the manticore!
The manticore is almost dead.
The manticore is splashed with acid.
The acid corrodes the manticore!
You are starving!
The manticore bites you!!
You die...

###############.........#
........................#
..^..##########...<[....#
### .### #...†.....# ...
########)#####
#..#........#
#####.#..<.....#
..............##
......(.@.....#
.......H.####...#
........... [......#
.........[.$########
.......####.# ....... .#
....... . ....... #


You could see a manticore.

Vanquished Creatures
  Erolcha (D:9)
  A hydra (D:8)
  3 two-headed ogres
  A manticore (D:11)
  2 ugly things
  2 gargoyles (D:10)
  2 hippogriffs
  2 dream sheep (D:8)
  3 hungry ghosts
  11 yaks
  A steam dragon (D:8)
  A porcupine (D:10)
  3 sky beasts
  6 orc warriors
  2 black bears (D:10)
  3 ice beasts
  9 ogres
  4 centaurs
  A necrophage (D:8)
  6 phantoms
  The ghost of eyesofgods1 the Insei, an amateur GnTm (D:3)
  5 big kobolds
  2 bullfrogs
  A water moccasin zombie (D:6)
  A gnoll sergeant (D:5)
  5 scorpions
  A water moccasin skeleton (D:9)
  An electric eel (D:10)
  3 wights (D:7)
  3 howler monkeys
  6 crimson imps
  A bullfrog zombie (D:9)
  6 orc priests
  2 centaur skeletons
  2 hounds
  4 orc wizards
  A bullfrog skeleton (D:10)
  3 iguanas
  12 worker ants
  A big kobold zombie (Ossuary)
  2 hound zombies
  The ghost of dscm the Digger, a weakling OpEE (D:4)
  2 hound skeletons
  8 mummies (Ossuary)
  17 adders
  5 gnolls (D:5)
  A howler monkey skeleton (D:10)
  5 shadow imps
  4 worms
  A dart slug (D:4)
  2 leopard geckos
  65 orcs
  3 ball pythons
  4 bats
  7 giant cockroaches
  7 goblins
  7 hobgoblins
  16 jackals
  3 quokkas
  2 frilled lizards
  A giant cockroach zombie (D:6)
  4 goblin zombies
  3 hobgoblin zombies
  20 kobolds
  2 kobold skeletons (D:8)
  8 kobold zombies
  2 orc zombies
  A quokka skeleton (D:7)
  7 rats
335 creatures vanquished.

Vanquished Creatures (others)
  A kobold (D:10)
  A fungus (D:6)
  3 plants (D:8)
5 creatures vanquished.

Grand Total: 340 creatures vanquished

Notes
Turn   | Place    | Note
-------+----------+-------------------------------------------
     0 | D:1      | diana the Draconian Fighter began the quest for the Orb.
     0 | D:1      | Reached XP level 1. HP: 19/19 MP: 1/1
    88 | D:1      | Reached XP level 2. HP: 14/26 MP: 2/2
   636 | D:1      | Found a shimmering altar of Xom.
   667 | D:1      | Reached skill level 3 in Long Blades
   674 | D:1      | Reached XP level 3. HP: 33/33 MP: 3/3
  1156 | D:2      | Found a hazy altar of Hepliaklqana.
  1307 | D:2      | Found an iron altar of Okawaru.
  1412 | D:2      | Became a worshipper of Warmaster Okawaru
  1896 | D:3      | Reached XP level 4. HP: 39/40 MP: 4/4
  2042 | D:3      | Reached skill level 4 in Long Blades
  2051 | D:3      | Reached XP level 5. HP: 47/47 MP: 5/5
  2112 | D:3      | Noticed eyesofgods1's ghost (amateur GnTm)
  2122 | D:3      | Killed eyesofgods1's ghost
  2122 | D:3      | Reached * piety under Okawaru
  2122 | D:3      | Reached skill level 5 in Long Blades
  2502 | D:4      | Noticed a cyclops
  2503 | D:4      | Found a hide-covered altar of Uskayaw.
  2504 | D:4      | Noticed a wyvern
  2508 | D:4      | Found a transporter.
  2522 | D:4      | Found a transporter.
  2563 | D:4      | Noticed dscm's ghost (weakling OpEE)
  2568 | D:4      | Killed dscm's ghost
  2641 | D:4      | Noticed an ogre
  2662 | D:4      | Killed an ogre
  2662 | D:4      | Reached skill level 5 in Fighting
  2662 | D:4      | Reached XP level 6. HP: 29/56 MP: 3/6
  2789 | D:4      | Reached skill level 6 in Long Blades
  2811 | D:4      | Found a staircase to the Ecumenical Temple.
  3118 | D:5      | Entered Level 5 of the Dungeon
  3147 | D:5      | Noticed a sky beast
  3178 | D:5      | Killed a sky beast
  3178 | D:5      | Your scales start taking on a golden yellow colour.
  3178 | D:5      | Reached XP level 7. HP: 57/62 MP: 7/7
  3286 | D:5      | Reached ** piety under Okawaru
  3318 | D:5      | Reached skill level 7 in Long Blades
  3780 | D:5      | Reached XP level 8. HP: 61/71 MP: 8/8
  3799 | D:5      | Reached skill level 8 in Long Blades
  4082 | D:5      | Reached *** piety under Okawaru
  4305 | D:6      | Noticed a hippogriff
  4482 | D:5      | Found a radiant altar of Vehumet.
  4545 | D:6      | Reached skill level 9 in Long Blades
  4579 | D:6      | Found a sand-covered staircase.
  4586 | Ossuary  | Entered an ossuary
  5050 | D:6      | Found Ibanecaa's Magic Scroll Boutique.
  5051 | D:6      | Found a blossoming altar of Fedhas.
  5052 | D:6      | Noticed a red ugly thing
  5117 | D:5      | Killed a hippogriff
  5117 | D:5      | Reached XP level 9. HP: 62/81 MP: 9/9
  5351 | D:7      | Reached skill level 10 in Long Blades
  5371 | D:7      | Reached **** piety under Okawaru
  5757 | D:7      | Found a white marble altar of Elyvilon.
  6178 | D:7      | Found an opulent altar of Gozag.
  6213 | D:8      | Reached skill level 11 in Long Blades
  6292 | D:8      | Found Waxiuzxi's Gadget Emporium.
  6308 | D:8      | Reached ***** piety under Okawaru
  6364 | D:8      | Found an iron altar of Okawaru.
  6864 | D:8      | Found a roughly hewn altar of Beogh.
  6913 | D:8      | Reached XP level 10. HP: 88/91 MP: 10/10
  6932 | D:8      | Found a radiant altar of Vehumet.
  7155 | D:8      | Paralysed by an orc for 7 turns
  7280 | D:8      | Noticed a two-headed ogre
  7290 | D:8      | Killed a two-headed ogre
  7290 | D:8      | Received a gift from Okawaru
  7290 | D:8      | Reached skill level 10 in Fighting
  7290 | D:8      | Reached skill level 12 in Long Blades
  7479 | D:8      | Found a glowing golden altar of the Shining One.
  7604 | D:8      | Noticed a two-headed hydra
  7624 | D:8      | Killed a three-headed hydra
  8087 | D:8      | Reached skill level 13 in Long Blades
  8257 | D:9      | Noticed a two-headed ogre
  8262 | D:9      | Killed a two-headed ogre
  8306 | D:9      | Noticed Erolcha
  8310 | D:9      | Killed Erolcha
  8310 | D:9      | Reached XP level 11. HP: 64/102 MP: 11/11
  8381 | D:9      | Reached ****** piety under Okawaru
  8421 | D:9      | Found Tobruhet's General Store.
  8678 | D:9      | Gained mutation: You have sharp toenails. [potion of mutation]
  8678 | D:9      | Gained mutation: Your magical capacity is low. (-10% MP) [potion of mutation]
  8678 | D:9      | Gained mutation: Your large and strong wings let you fly indefinitely. [potion of mutation]
  8678 | D:9      | Gained mutation: You are resistant to hostile enchantments. (MR+) [potion of mutation]
  8704 | D:9      | Found Ewnidd's Jewellery Boutique.
  8768 | D:9      | Noticed a two-headed ogre
  8775 | D:9      | Killed a two-headed ogre
  8775 | D:9      | Received a gift from Okawaru
  8780 | D:9      | Found a bloodstained altar of Trog.
  9024 | D:9      | Reached skill level 14 in Long Blades
  9038 | D:9      | Found Jemu's Magic Scroll Boutique.
  9409 | D:10     | Entered Level 10 of the Dungeon
  9718 | D:10     | Found a staircase to the Lair.
 10085 | D:10     | Received a gift from Okawaru
 10635 | D:10     | Found a staircase to the Orcish Mines.
 10745 | D:11     | Noticed a purple ugly thing
 10762 | D:11     | Killed a purple ugly thing
 10888 | D:6      | Killed a red ugly thing
 11625 | D:11     | Slain by a manticore

Skill      XL: |  1  2  3  4  5  6  7  8  9 10 11 |
---------------+----------------------------------+-----
Long Blades    | 3 4 5 6 7 9 11 13 14 | 14.7
Fighting       | 4 5 6 8 9 11 12 | 12.3
Dodging        | 3 |  3.4
Shields        | |  3.8

Action                   |  1- 3 |  4- 6 |  7- 9 | 10-12 || total
-------------------------+-------+-------+-------+-------++-------
Melee: Long sword        |   152 |    92 |   392 |       ||   636
       Tailslap          |    18 |    12 |    91 |    78 ||   199
       Falchion          |       |       |   154 |   470 ||   624
       Kick              |       |       |       |   103 ||   103
Invok: Heroism           |       |     1 |     2 |     1 ||     4
 Abil: Breathe Acid      |       |       |     7 |     7 ||    14
       Fly               |       |       |       |     1 ||     1
Evoke: Wand              |       |       |       |    12 ||    12
  Use: Scroll            |     1 |       |     7 |     1 ||     9
       Potion            |       |     2 |     3 |     2 ||     7
 Stab: Sleeping          |     3 |     1 |       |       ||     4
       Distracted        |       |       |       |     1 ||     1
  Eat: Chunk             |     3 |     3 |    14 |    12 ||    32
       Ration            |       |       |     1 |     1 ||     2
Armor: Skin              |    45 |    14 |   148 |    53 ||   260
Dodge: Dodged            |    58 |    28 |   165 |    91 ||   342
Block: Shield            |    73 |    36 |   248 |   191 ||   548
       Reflection        |       |       |     4 |    10 ||    14
       Rpst.: Long sword |    17 |     8 |    40 |       ||    65
       Falchion          |       |       |     8 |    30 ||    38
